 Dungeon Crawl Stone Soup version 0.22-a0-455-ga0624bf (webtiles) character file.

88 emperorscorpion the Magician (level 4, -17/24 HPs)
             Began as a Deep Elf Wizard on June 5, 2018.
             Was an Initiate of Vehumet.
             Engulfed by a cloud of flame (25 damage)
             ... on level 3 of the Dungeon.
             The game lasted 00:05:01 (2879 turns).

emperorscorpion the Magician (Deep Elf Wizard)      Turns: 2879, Time: 00:05:01

Health: -17/24     AC:  3    Str:  4    XL:     4   Next: 29%
Magic:  13/13      EV: 13    Int: 24    God:    Vehumet [......]
Gold:   163        SH:  0    Dex: 13    Spells: 5/14 levels left

rFire    . . .     SeeInvis .   a - +0 spear
rCold    . . .     Gourm    .   (no shield)
rNeg     . . .     Faith    .   i - +0 robe
rPois    .         Spirit   .   b - +0 hat
rElec    .         Reflect  .   (no cloak)
rCorr    .         Harm     .   n - +0 pair of gloves
MR       .....                  (no boots)
Stlth    ++........             (no amulet)
HPRegen  0.08/turn              (no ring)
MPRegen  0.13/turn              (no ring)

@: no status effects
A: no striking features
a: Renounce Religion


You were on level 3 of the Dungeon.
You worshipped Vehumet.
Vehumet was noncommittal.
You were not hungry.

You visited 1 branch of the dungeon, and saw 3 of its levels.

You collected 163 gold pieces.

Inventory:

Hand Weapons
 a - a +0 spear (weapon)
Missiles
 f - 70 sling bullets
 g - 59 stones (quivered)
 h - 35 arrows
 j - 17 bolts
Armour
 b - a +0 hat (worn)
 i - a +0 robe (worn)
 n - a +0 pair of gloves (worn)
 q - a +0 buckler
Jewellery
 p - an uncursed ring of fire
Scrolls
 l - a scroll of remove curse
Potions
 e - 2 potions of magic {unknown}
 k - a potion of curing {unknown}
 m - a potion of haste {unknown}
 o - a potion of resistance {unknown}
Comestibles
 d - 5 rations


   Skills:
 + Level 0.2 Polearms
 + Level 2.8 Dodging
 + Level 3.0 Stealth
 + Level 5.6 Spellcasting
 + Level 2.6 Conjurations
   Level 1.1 Summonings
 + Level 1.1 Translocations


You had 5 spell levels left.
You knew the following spells:

 Your Spells              Type           Power        Failure   Level  Hunger
a - Magic Dart            Conj           ###.         2%          1    None
b - Blink                 Tloc           N/A          8%          2    None
c - Conjure Flame         Conj/Fire      ##......     14%         3    #......
d - Mephitic Cloud        Conj/Pois/Air  ##......     17%         3    #......

Your spell library contained the following spells:

 Spells                   Type           Power        Failure   Level  Hunger
 Slow                     Hex            #.......     12%         2    None
 Call Imp                 Summ           ##......     8%          2    None


Dungeon Overview and Level Annotations

Branches:
Dungeon (3/15)

Altars:
Vehumet

Annotations:
D:3 Ijyb


Message History

Casting: Magic Dart (safe; 2% risk of failure)
Confirm with . or Enter, or press ? or * to list all spells.
You can't see any susceptible monsters within range! (Use Z to cast anyway.)
Casting: Magic Dart (safe; 2% risk of failure)
Confirm with . or Enter, or press ? or * to list all spells.
You can't see any susceptible monsters within range! (Use Z to cast anyway.)
d - 5 rations (gained 1)
You now have 163 gold pieces (gained 11).
You see here a war axe.
Found a hand axe.
Found a radiant altar of Vehumet.
Really walk into a travel-excluded area?
You are engulfed in blazing flames.
Ouch! That really hurt!
There is a radiant altar of Vehumet here.
You kneel at the altar of Vehumet.
Vehumet welcomes you!
You are engulfed in blazing flames.
Ouch! That really hurt!
You die...

#.# #.. ##.## #..
#####...# #..
#.....#.# #..
#.###.).##### #..
##.####......# #..
#)...§#.####.#####..
#...§.#.............
#§.@§...............
#...§..####.########
#...!..# #.########
##.....# #.........
####### ##########


There were no monsters in sight!

Vanquished Creatures
  Terence (D:2)
  An adder (D:3)
  A worm (D:2)
  A dart slug (D:2)
  2 leopard geckos
  A ball python (D:2)
  3 goblins
  6 hobgoblins
  11 jackals
  4 kobolds
  A quokka (D:2)
  5 bats
  4 rats
41 creatures vanquished.

Vanquished Creatures (others)
  8 toadstools (D:3)
8 creatures vanquished.

Grand Total: 49 creatures vanquished

Notes
Turn   | Place    | Note
-------+----------+-------------------------------------------
     0 | D:1      | emperorscorpion the Deep Elf Wizard began the quest for the Orb.
     0 | D:1      | Reached XP level 1. HP: 10/10 MP: 7/7
   392 | D:1      | Reached XP level 2. HP: 15/15 MP: 4/9
   396 | D:1      | Reached skill level 5 in Spellcasting
  1169 | D:2      | Learned a level 2 spell: Blink
  1177 | D:2      | Reached XP level 3. HP: 19/19 MP: 4/11
  1211 | D:1      | Learned a level 3 spell: Conjure Flame
  1215 | D:1      | Learned a level 3 spell: Mephitic Cloud
  2370 | D:3      | Noticed Ijyb
  2377 | D:3      | Noticed Terence
  2386 | D:3      | Paralysed by Ijyb for 3 turns
  2394 | D:3      | Paralysed by Ijyb for 4 turns
  2403 | D:3      | Paralysed by Ijyb for 7 turns
  2417 | D:3      | Paralysed by Ijyb for 2 turns
  2680 | D:2      | Killed Terence
  2680 | D:2      | Reached XP level 4. HP: 21/24 MP: 1/13
  2872 | D:3      | Found a radiant altar of Vehumet.
  2879 | D:3      | Became a worshipper of Vehumet
  2879 | D:3      | Engulfed by a cloud of flame

Vault maps used:
D:1:      dpeg_arrival_orchard, minmay_misc_feat_square, bh_walls_and_bars
D:2:      first_ration, minivault_25
D:3:      cheibrodos_fertilizer, fiery_altar_vehumet,
          lemuel_zombie_altar_kikubaaqudgha, uniq_terence, uniq_ijyb

Skill      XL: |  1  2  3  4 |
---------------+-------------+-----
Spellcasting   | 5 |  5.6
Conjurations   | 2 |  2.6
Stealth        | 3 |  3.0
Polearms       | |  0.2
Dodging        | |  2.8
Summonings     | |  1.1
Translocations | |  1.1

Action                   |  1- 3 |  4- 6 || total
-------------------------+-------+-------++-------
Melee: Spear             |    80 |       ||    80
 Cast: Magic Dart        |   107 |     5 ||   112
       Mephitic Cloud    |     5 |       ||     5
       Conjure Flame     |     1 |       ||     1
       Blink             |     1 |       ||     1
  Use: Scroll            |     3 |       ||     3
       Potion            |     1 |       ||     1
 Stab: Sleeping          |     2 |       ||     2
       Confused          |     2 |       ||     2
  Eat: Chunk             |     5 |     1 ||     6
Armor: Robe              |    19 |       ||    19
Dodge: Dodged            |    61 |       ||    61

Table legend:
 A = Spawn XP
 B = Non-spawn XP
 C = Spawn XP percentage of total XP
 D = Spawn monster count
 E = Non-spawn monster count
 F = Spawn count percentage of total count
 G = Total turns spent on level
                    A         B        C        D         E        F      G
               +---------+---------+-------+---------+---------+-------+---------
         Total |       0 |     126 |   0.0 |       0 |      41 |   0.0 |  2879
               +---------+---------+-------+---------+---------+-------+---------
           D:1 |       0 |      35 |   0.0 |       0 |      20 |   0.0 |  1419
           D:2 |       0 |      68 |   0.0 |       0 |      15 |   0.0 |  1120
           D:3 |       0 |      23 |   0.0 |       0 |       6 |   0.0 |   340
               +---------+---------+-------+---------+---------+-------+---------
